 Dungeon Crawl Stone Soup version 0.27-a0-920-gb2bd10914a (webtiles) character file.

Game seed: 16875386493035004574

2618 leviel the Cleaver (level 9, -5/79 HPs)
             Began as a Minotaur Fighter on Apr 10, 2021.
             Was a Follower of Okawaru.
             Slain by an orc warrior
             ... wielding a +0 mace of protection
              (17 damage)
             ... on level 7 of the Dungeon.
             The game lasted 00:13:20 (8533 turns).

leviel the Cleaver (Minotaur Fighter)               Turns: 8533, Time: 00:13:20

Health: -5/79      AC: -4    Str: 23    XL:     9   Next: 34%
Magic:  6/8        EV: 14    Int:  5    God:    Okawaru [*.....]
Gold:   483        SH:  0    Dex: 11    Spells: 7/8 levels left

rFire    . . .     SeeInvis .   y - +3 battleaxe
rCold    . . .     Faith    .   (shield currently unavailable)
rNeg     . . .     Spirit   .   d - +0 steam dragon scales
rPois    .         Reflect  .   (helmet restricted)
rElec    .         Harm     .   (no cloak)
rCorr    .         Rampage  .   (no gloves)
Will     .....                  (no boots)
Stlth    +++.......             (no amulet)
HPRegen  0.23/turn              (no ring)
MPRegen  0.11/turn              (no ring)

@: heroic, corroded
A: horns 2, retaliatory headbutt
a: Renounce Religion, Heroism


You were on level 7 of the Dungeon.
You worshipped Okawaru.
Okawaru was aware of your devotion.
You visited 2 branches of the dungeon, and saw 8 of its levels.
You also visited: Sewer and Ossuary.

You collected 483 gold pieces.

Inventory:

Hand Weapons
 y - a +3 battleaxe (weapon)
Missiles
 r - 2 curare-tipped darts
Armour
 d - +0 steam dragon scales (worn)
Wands
 m - a wand of flame (12)
 n - a wand of random effects (16)
 o - a wand of mindburst (16)
 x - a wand of charming (3)
Scrolls
 b - a scroll of silence {unknown}
 e - 11 scrolls of teleportation
 f - 5 scrolls of amnesia
 g - a scroll of torment {unknown}
 h - 4 scrolls of identify
 j - a scroll of immolation
 k - 2 scrolls of fog
 l - a scroll of noise {unknown}
 p - 3 scrolls of magic mapping
 s - a scroll of enchant armour
 t - a scroll of summoning
 v - 3 scrolls of vulnerability
Potions
 i - 5 potions of flight
 u - a potion of brilliance
 w - 3 potions of haste


   Skills:
 + Level 7.0(12.0) Fighting
 + Level 9.9(14.9) Axes
 + Level 0.2(5.2) Throwing
 + Level 7.7(12.7) Armour
 + Level 3.1(8.1) Dodging
 + Level 1.0(6.0) Stealth
 - Level 7.0(12.0) Shields
 + Level 0.4 Spellcasting
 + Level 0.5 Necromancy


You had 7 spell levels left.
You knew the following spells:

 Your Spells              Type           Power      Damage    Failure   Level
a - Animate Skeleton      Necr           0%         N/A       38%         1

Your spell library contained the following spells:

 Spells                   Type           Power      Damage    Failure   Level
 Apportation              Tloc           0%         N/A       45%         1
 Beastly Appendage        Tmut           0%         N/A       45%         1
 Corona                   Hex            0%         N/A       45%         1
 Magic Dart               Conj           0%         1d3       45%         1
 Shock                    Conj/Air       0%         1d3       45%         1
 Summon Small Mammal      Summ           0%         N/A       45%         1
 Blink                    Tloc           N/A        N/A       61%         2
 Call Imp                 Summ           0%         N/A       61%         2
 Ensorcelled Hibernation  Hex/Ice        0%         N/A       61%         2
 Slow                     Hex            0%         N/A       61%         2
 Swiftness                Air            0%         N/A       61%         2
 Wereblood                Tmut           0%         N/A       61%         2
 Confusing Touch          Hex            0%         N/A       83%         3
 Conjure Flame            Conj/Fire      0%         6-21      83%         3
 Dazzling Flash           Conj/Hex       0%         N/A       83%         3
 Mephitic Cloud           Conj/Pois/Air  0%         N/A       83%         3
 Spider Form              Tmut/Pois      0%         N/A       83%         3
 Static Discharge         Conj/Air       0%         N/A       83%         3
 Tukima's Dance           Hex            0%         N/A       83%         3
 Airstrike                Air            0%         N/A       99%         4
 Ice Form                 Ice/Tmut       0%         N/A       99%         4
 Hydra Form               Tmut           0%         N/A       100%        5
 Lightning Bolt           Conj/Air       0%         1d11      100%        5


Dungeon Overview and Level Annotations

Branches:
Dungeon (7/15)             Temple (1/1) D:5           Sewer (visited)
Ossuary (visited)

Altars:
Ashenzari
Cheibriados
Elyvilon
Fedhas
Gozag
Hepliaklqana
Kikubaaqudgha
Makhleb
Nemelex Xobeh
Okawaru
Qazlal
Sif Muna
Vehumet
Xom
Yredelemnul

Shops:
D:1 *

Annotations:
D:5 2 transporters, Drazool's ghost, amateur TrHu


Innate Abilities, Weirdness & Mutations

You have a pair of horns on your head.
You reflexively headbutt those who attack you in melee.


Message History

The orc warrior hits you with a +0 mace of protection!
The jelly barely misses you. You furiously retaliate!
You headbutt the jelly.
The orc warrior hits you with a +0 mace of protection!
* * * LOW HITPOINT WARNING * * *
There is an open door, spattered with blood here.
You slice the jelly!!
You kill the jelly!
Okawaru accepts your kill.
Your Dodging skill increases to level 3!
You feel better.
You hit the orc warrior but do no damage.
The orc warrior is lightly wounded.
The orc warrior barely misses you.
You hit the orc warrior but do no damage.
The orc warrior is lightly wounded.
The orc warrior barely misses you.
You hit the orc warrior but do no damage.
The orc warrior is lightly wounded.
The orc warrior barely misses you.
The orc warrior hits you with a +0 mace of protection!
* * * LOW HITPOINT WARNING * * *
You closely miss the orc warrior. You headbutt the orc warrior.
The orc warrior is moderately wounded.
The orc warrior barely misses you. You furiously retaliate!
You headbutt the orc warrior, but do no damage.
You hit the orc warrior but do no damage.
Your headbutt misses the orc warrior.
The orc warrior is moderately wounded.
The orc warrior closely misses you.
You hit the orc warrior but do no damage.
You headbutt the orc warrior, but do no damage.
The orc warrior is moderately wounded.
The orc warrior closely misses you.
You gain the combat prowess of a mighty hero.
The orc warrior closely misses you. You furiously retaliate!
You headbutt the orc warrior, but do no damage.
You slash the orc warrior!
The orc warrior is heavily wounded.
The orc warrior hits you with a +0 mace of protection!
You die...

########.#
.........#
.######..#
........##
######...########
.................
######...########
##.## #@# #o#
##'## #...#
#.))..# #.......#
#.........#
.'.........+
###.........#


You could see an orc warrior.

Vanquished Creatures
  Prince Ribbit (D:5)
  2 steam dragons
  2 water moccasins
  A necrophage (D:6)
  A black bear (D:6)
  2 ogres (D:5)
  2 elf zombies (Ossuary)
  A phantom (D:5)
  A kobold brigand (D:4)
  Blork the orc (D:5)
  A bullfrog (D:5)
  2 scorpions (D:6)
  A water moccasin zombie (D:5)
  5 wights (D:7)
  2 bullfrog zombies
  2 human zombies (Ossuary)
  An orc priest (D:7)
  A centaur skeleton (D:7)
  A hound (D:6)
  5 jellies
  An iguana (D:5)
  A merfolk avatar (Sewer)
  A merfolk siren (Sewer)
  2 orc wizards
  A killer bee zombie (D:5)
  4 mummies (Ossuary)
  Robin (D:2)
  5 adders
  A howler monkey skeleton (D:6)
  A shadow imp (D:7)
  A white imp (D:5)
  2 ufetubi (D:6)
  A dart slug (D:1)
  4 worms
  9 orcs
  4 endoplasms
  7 giant cockroaches
  25 goblins
  9 hobgoblins
  5 jackals
  13 kobolds
  4 quokkas
  12 ball pythons
  13 bats
  8 frilled lizards
  2 hobgoblin zombies (Ossuary)
  2 jackal zombies (Ossuary)
  3 kobold zombies (Ossuary)
  29 rats
  A rat zombie (Ossuary)
207 creatures vanquished.

Notes
Turn   | Place    | Note
-------+----------+-------------------------------------------
     0 | D:1      | leviel the Minotaur Fighter began the quest for the Orb.
     0 | D:1      | Reached XP level 1. HP: 19/19 MP: 0/0
   229 | D:1      | Reached XP level 2. HP: 27/27 MP: 1/1
   556 | D:1      | Reached XP level 3. HP: 33/33 MP: 2/2
   577 | D:1      | Found Wiulan's General Store.
   647 | D:1      | Found a faded altar of an unknown god.
   682 | D:1      | You fall into a shaft and drop 1 floor!
   687 | D:2      | Noticed Robin
   698 | D:2      | Reached skill level 3 in Axes
   709 | D:2      | Killed Robin
  1257 | D:2      | Reached XP level 4. HP: 40/40 MP: 3/3
  1707 | D:3      | Reached skill level 4 in Axes
  2086 | D:3      | Reached XP level 5. HP: 46/46 MP: 4/4
  2118 | D:3      | Learned a level 1 spell: Animate Skeleton
  2446 | D:4      | Found a sand-covered staircase.
  2474 | Ossuary  | Entered an ossuary
  2490 | Ossuary  | Reached skill level 5 in Axes
  2497 | Ossuary  | Reached skill level 5 in Armour
  2497 | Ossuary  | Reached XP level 6. HP: 12/53 MP: 5/5
  3575 | D:4      | Identified the +0 chain mail "Vaxelov" {Dex+4}
  3721 | D:4      | Reached skill level 6 in Axes
  4426 | D:4      | Reached skill level 5 in Fighting
  4426 | D:4      | Reached skill level 5 in Shields
  4723 | D:5      | Entered Level 5 of the Dungeon
  4733 | D:5      | Reached XP level 7. HP: 55/61 MP: 6/6
  4819 | D:5      | HP: 1/61 [poisoned by a water moccasin]
  4824 | D:5      | Reached skill level 1 in Dodging
  5085 | D:5      | Noticed Prince Ribbit
  5100 | D:5      | Killed Prince Ribbit
  5101 | D:5      | Reached skill level 7 in Axes
  5292 | D:5      | Found a glowing drain.
  5322 | Sewer    | Entered a sewer
  5518 | Sewer    | Reached XP level 8. HP: 69/69 MP: 7/7
  5858 | D:5      | Noticed Blork the orc
  5867 | D:5      | Killed Blork the orc
  6187 | D:5      | Reached skill level 8 in Axes
  6327 | D:5      | Noticed Drazool's ghost (amateur TrHu)
  6329 | D:5      | Found a transporter.
  6340 | D:5      | Found a transporter.
  6369 | D:5      | Found a staircase to the Ecumenical Temple.
  6384 | Temple   | Entered the Ecumenical Temple
  6455 | Temple   | Became a worshipper of Warmaster Okawaru
  7378 | D:6      | Reached * piety under Okawaru
  7379 | D:6      | Reached skill level 9 in Axes
  7387 | D:6      | Reached XP level 9. HP: 12/78 MP: 8/8
  7698 | D:6      | Found a broken altar of Ashenzari.
  8282 | D:7      | Reached skill level 1 in Stealth
  8533 | D:7      | Slain by an orc warrior

Illustrated notes

Levels and vault maps discovered:
D:1:      wander_arrival_desolate, layout_loops_ring,
          hellmonk_ecumenical_altar_zigzags, serial_shops, shop,
          chequers_serial_rivers_marsh, minmay_tetromino_o4
D:2:      layout_basic, uniq_robin
D:3:      minmay_bubble_buster, layout_basic
D:4:      cheibrodos_thug_alley, layout_layer_cave,
          lightli_ossuary_entry_decrepit_ruins, hangedman_decor_clover_reticule
D:5:      layout_basic, minmay_temple_entry_mist, cheibrodos_sewer_entry_sluice,
          gammafunk_ghost_arena, minmay_misc_feat_secret_circle,
          minmay_ogre_servants, uniq_blork_the_orc, uniq_prince_ribbit1
D:6:      layout_basic, nicolae_ashenzari_skybound
D:7:      layout_loops_corners, chequers_mini_garden
Temple:   eino_temple_lava

Skill      XL: |  1  2  3  4  5  6  7  8  9 |
---------------+----------------------------+-----
Armour         | 4 5 6 7 |  7.7
Shields        | 4 5 6 7 |  7.0
Fighting       | 4 5 6 7 |  7.0
Axes           | 3 4 5 6 7 9 |  9.9
Dodging        | 1 2 3 |  3.1
Stealth        | 1 |  1.0
Throwing       | |  0.2
Spellcasting   | |  0.4
Necromancy     | |  0.5

Action                   |  1- 3 |  4- 6 |  7- 9 || total
-------------------------+-------+-------+-------++-------
Melee: War axe           |    86 |   149 |   254 ||   489
       Headbutt          |    15 |    17 |    42 ||    74
       Battleaxe         |       |       |    22 ||    22
Throw: Boomerang         |       |     5 |       ||     5
       Dart              |       |     1 |       ||     1
Invok: Heroism           |       |       |     1 ||     1
  Use: Scroll            |       |    10 |       ||    10
       Potion            |       |     7 |     4 ||    11
Armor: Scale mail        |    48 |    74 |    75 ||   197
       Steam dragon scal |       |       |    11 ||    11
Dodge: Dodged            |    32 |    55 |    98 ||   185
Block: Kite shield       |    63 |    79 |   156 ||   298

Table legend: (Time is in decaauts)
 A = Elapsed time spent in this place.
 B = Non-inter-level travel time spent in this place.
 C = Inter-level travel time spent in this place.
 D = Time resting spent in this place.
 E = Time spent auto-exploring this place.
 F = Levels seen in this place.
 G = Mean time per level.
                   A        B        C        D        E       F      G
               +--------+--------+--------+--------+--------+-----+--------+
         Total |   8777 |   8579 |    198 |   1674 |   5613 |  10 |  877.7 |
       Dungeon |   7146 |   6954 |    192 |    744 |   5256 |   7 | 1020.9 |
        Temple |     78 |     72 |      6 |      0 |     56 |   1 |   78.0 |
         Sewer |    581 |    581 |      0 |    215 |    147 |   1 |  581.0 |
       Ossuary |    970 |    970 |      0 |    715 |    153 |   1 |  970.0 |
               +--------+--------+--------+--------+--------+-----+--------+

Top non-repeatable levels by time:
     D:5: 1646 daAuts
     D:4: 1550 daAuts
     D:6: 1113 daAuts
     D:2: 988 daAuts
 Ossuary: 970 daAuts
     D:1: 715 daAuts
     D:3: 610 daAuts
   Sewer: 581 daAuts
     D:7: 522 daAuts
  Temple: 78 daAuts
